 Dungeon Crawl Stone Soup version 0.27.1-34-g3ba077fa99 (webtiles) character file.

Game seed: 3693282980256074648

112 raph the Firebug (level 4, 0/24 HPs)
             Began as a Deep Elf Fire Elementalist on Jan 30, 2022.
             Was an Initiate of Elyvilon.
             Succumbed to a scorpion's poison
             ... on level 6 of the Dungeon.
             The game lasted 00:05:22 (3906 turns).

raph the Firebug (Deep Elf Fire Elementalist)       Turns: 3906, Time: 00:05:23

Health: 0/24       AC:  3    Str:  5    XL:     4   Next: 63%
Magic:  6/11       EV: 12    Int: 21    God:    Elyvilon [......]
Gold:   144        SH:  0    Dex: 15    Spells: 2/9 levels left

rFire    . . .     SeeInvis .   a - +1 dagger
rCold    . . .     Faith    .   (no shield)
rNeg     . . .     Spirit   .   i - +1 robe
rPois    +         Reflect  .   (no helmet)
rElec    .         Harm     .   (no cloak)
rCorr    .         Rampage  .   (no gloves)
Will     .....                  (no boots)
Stlth    ++........             (no amulet)
HPRegen  0.08/turn              j - ring of poison resistance
MPRegen  0.12/turn              (no ring)

@: lethally poisoned (0 -> -9)
A: no striking features
a: Renounce Religion


You were on level 6 of the Dungeon.
You worshipped Elyvilon.
Elyvilon was noncommittal.
You visited 1 branch of the dungeon, and saw 4 of its levels.

You collected 144 gold pieces.

Inventory:

Hand Weapons
 a - a +1 dagger (weapon)
Missiles
 f - 7 boomerangs
Armour
 i - a +1 robe (worn)
Jewellery
 j - a ring of poison resistance (left hand)
Potions
 b - 2 potions of lignification
 c - a potion of might
 d - a potion of heal wounds {unknown}
 e - 2 potions of flight {unknown}
 h - 2 potions of curing
 k - a potion of magic {unknown}


   Skills:
 - Level 2.4 Dodging
 - Level 2.4 Stealth
 + Level 3.4 Spellcasting
 + Level 3.4 Conjurations
 + Level 4.7 Fire Magic


You had 2 spell levels left.
You knew the following spells:

 Your Spells              Type           Power      Damage    Failure   Level
a - Foxfire               Conj/Fire      80%        2x1d8     2%          1
b - Conjure Flame         Conj/Fire      20%        6-21      7%          3
c - Inner Flame           Hex/Fire       13%        N/A       14%         3

Your spell library contained the following spells:

 Spells                   Type           Power      Damage    Failure   Level
 Slow                     Hex            3%         N/A       19%         2
 Ignite Poison            Fire/Tmut/Pois 10%        N/A       21%         3
 Sticky Flame             Conj/Fire      20%        2d4       24%         4
 Confusing Touch          Hex            3%         N/A       36%         3
 Vampiric Draining        Necr           1%         2d6       36%         3
 Fireball                 Conj/Fire      10%        3d6       54%         5
 Cause Fear               Hex            1%         N/A       77%         4
 Dragon Form              Tmut           1%         N/A       100%        7
 Dragon's Call            Summ           1%         N/A       100%        9


Dungeon Overview and Level Annotations

Branches:
Dungeon (3/15)

Altars:
Elyvilon
Fedhas
Kikubaaqudgha


Message History

Aiming: Inner Flame (quite dangerous; 14% risk of failure)
Press: ? - help, Shift-Dir - straight line, f - scorpion
Aim: a scorpion (chance to affect: 67%)
The scorpion is filled with an inner flame.
The scorpion barely misses you.
The scorpion stings you but does no damage.
The scorpion barely misses you. The hound bites you but does no damage.
The hound bites you.
Casting: Inner Flame (quite dangerous; 14% risk of failure)
Confirm with . or Enter, or press ? or * to list all spells.
You conjure some foxfire!
The hound bites you.
The foxfire hits the hound!
The hound is heavily wounded.
The foxfire hits the hound but does no damage.
The hound is heavily wounded.
The hound bites you.
Casting: Foxfire (safe; 2% risk of failure)
Confirm with . or Enter, or press ? or * to list all spells.
You conjure some foxfire!
The hound bites you. The bullfrog skeleton misses you. The scorpion stings you.
You are lethally poisoned!
The scorpion poisons you!
* * * LOW HITPOINT WARNING * * *
You feel very sick.
The foxfire hits the scorpion.
Flame seeps out of the scorpion.
The scorpion is lightly wounded.
The foxfire hits the scorpion.
Flame seeps out of the scorpion.
The scorpion is moderately wounded.
The scorpion is engulfed in blazing flames.
Flame seeps out of the scorpion.
The hound barely misses you.
You see here a scroll of identify.
Casting: Foxfire (safe; 2% risk of failure)
Confirm with . or Enter, or press ? or * to list all spells.
You conjure some foxfire!
* * * LOW HITPOINT WARNING * * *
You feel very sick. The scorpion closely misses you. The hound misses you.
Your foxfire dissipates!
You die...

#.# #.....# #.#
#.###.#
#.#####.#
#.......#.##.
#.#............
#.°.≈.≈≈≈≈≈.≈..
#sh.≈...$...≈.#
#?#.≈.≈...≈.≈.#
#@Z.≈.≈._.≈.≈..
#...≈.≈...≈.≈..
###.≈.......≈..
#.≈.≈≈≈≈≈.≈
#........
#######


You could see a scorpion (inner flame), a hound and a bullfrog skeleton.

Vanquished Creatures
  A jelly (D:3)
  2 gnolls (D:2)
  2 adders (D:2)
  9 ball pythons
  An endoplasm (D:1)
  A giant cockroach (D:1)
  4 hobgoblins
  6 kobolds
  4 quokkas
  3 bats
  A frilled lizard (D:2)
  4 goblins
  6 rats
44 creatures vanquished.

Vanquished Creatures (collateral kills)
  A foxfire (D:3)
1 creature vanquished.

Vanquished Creatures (others)
  172 foxfires
172 creatures vanquished.

Grand Total: 217 creatures vanquished

Notes
Turn   | Place    | Note
-------+----------+-------------------------------------------
     0 | D:1      | raph the Deep Elf Fire Elementalist began the quest for the
                  | Orb.
     0 | D:1      | Reached XP level 1. HP: 10/10 MP: 6/6
   472 | D:1      | Reached XP level 2. HP: 4/15 MP: 4/8
   910 | D:1      | Found a faded altar of an unknown god.
  1059 | D:1      | Found a blossoming altar of Fedhas.
  1592 | D:2      | Reached skill level 4 in Fire Magic
  1705 | D:2      | Reached XP level 3. HP: 18/19 MP: 5/9
  1778 | D:2      | Learned a level 3 spell: Conjure Flame
  1782 | D:2      | Learned a level 3 spell: Inner Flame
  2657 | D:2      | Reached XP level 4. HP: 24/24 MP: 5/10
  3627 | D:3      | Found a white marble altar of Elyvilon.
  3686 | D:3      | Became a worshipper of Elyvilon the Healer
  3878 | D:3      | You fall into a shaft and drop 3 floors!
  3881 | D:6      | Found an ancient bone altar of Kikubaaqudgha.
  3889 | D:6      | Noticed a scorpion
  3906 | D:6      | Succumbed to a scorpion's poison

Illustrated notes

Levels and vault maps discovered:
D:1:      minmay_arrival_radiant_lines, layout_basic,
          hellmonk_ecumenical_altar_inner_sanctum, minmay_misc_feat_columns,
          kennysheep_flooded_box, minmay_misc_feat_rows, minmay_tall_x
D:2:      minmay_door_path, layout_loops_cross
D:3:      layout_basic, nicolae_elyvilon_peaceful_grove,
          chequers_serial_rivers_small_b
D:6:      layout_loops_ring, mainiacjoe_overflow_cross_hatched, minitemple,
          uniq_blork_the_orc

Skill      XL: |  1  2  3 |
---------------+----------+-----
Conjurations   | 2 3 |  3.4
Fire Magic     | 4 |  4.7
Dodging        | |  2.4
Stealth        | |  2.4
Spellcasting   | |  3.4

Action                   |  1- 3 |  4- 6 || total
-------------------------+-------+-------++-------
Melee: Unarmed           |     1 |       ||     1
       Dagger            |     2 |     3 ||     5
 Cast: Foxfire           |    85 |    27 ||   112
       Inner Flame       |       |     1 ||     1
  Use: Scroll            |     9 |     4 ||    13
Armor: Robe              |     4 |     3 ||     7
Dodge: Dodged            |    14 |    12 ||    26
